 Dungeon Crawl Stone Soup version 0.30-b1-2-g02819fbbbe (webtiles) character file.

Game seed: 1856226734788024722

181480 manyhoops the Arsonist (level 16, -21/136 HPs)
             Began as a Demigod Fire Elementalist on Nov 16, 2023.
             Killed from afar by a Hell Sentinel (23 damage)
             ... with damnation
             ... on level 5 of the Abyss.
             The game lasted 01:29:57 (43288 turns).

manyhoops the Arsonist (Demigod Fire Elementalist) Turns: 43288, Time: 01:29:58

Health: -21/136    AC: 14    Str:  8    XL:     16   Next: 78%
Magic:  17/36      EV: 15    Int: 49    God:
Gold:   777        SH:  5    Dex: 13    Spells: 0/37 levels left

rFire   + + .        o - +7 broad axe of Asof {freeze, *Slow rElec Str-5 Int+9}
rCold   + + +        M - +0 buckler
rNeg    . . .        m - +4 skin of Zhor {*Englaciate rC+++ SInv}
rPois   .            V - +2 helmet {SInv}
rElec   +            L - scarf {rC+ rF+}
rCorr   .            H - +1 pair of gloves
SInv    +            u - +0 pair of boots
Will    +....        T - amulet of magic regeneration
Stlth   +++++        t - ring of fire
HPRegen 0.42/turn    h - +6 ring of intelligence
MPRegen 0.65/turn

%: slow self (1%), clarity
@: lethally poisoned (-21 -> -48), studying Throwing
A: high MP 1, forlorn, divine attributes, iridescent scales 1, clarity, dopey 1,
strong 1, evolution 1
}: 1/15 runes: abyssal
a: no special abilities


You were on level 5 of the Abyss.
You visited 5 branches of the dungeon, and saw 27 of its levels.
You visited the Abyss 1 time.
You also visited: Sewer, Gauntlet and Volcano.

You collected 2629 gold pieces.
You spent 1852 gold pieces at shops.

Inventory:

Hand Weapons
 o - the +7 broad axe of Asof (weapon) {freeze, *Slow rElec Str-5 Int+9}
   (You found it on level 3 of the Lair of Beasts)

   Str:       It affects your strength (-5).
   Int:       It affects your intelligence (+9).
   rElec:     It insulates you from electricity.
   *Slow:     It may slow you when you take damage.
Missiles
 I - 2 throwing nets
Armour
 m - the +4 skin of Zhor (worn) {*Englaciate rC+++ SInv}
   (You found it on level 4 of the Lair of Beasts)

   *Englaciate: It radiates cold, occasionally slowing all nearby creatures who
   are not resistant to cold.
   rC:        It renders you almost immune to cold.
   SInv:      It lets you see invisible.
 u - a +0 pair of boots (worn)
 H - a +1 pair of gloves (worn)
 L - a scarf of resistance (worn)
 M - a +0 buckler (worn)
 V - a +2 helmet of see invisible (worn)
 Y - a +1 cloak of willpower
Magical Staves
 D - a staff of fire
Jewellery
 h - a +6 ring of intelligence (right hand)
 t - a ring of fire (left hand)
 C - a ring of protection from fire
 T - an amulet of magic regeneration (around neck)
 U - an amulet of the acrobat
 W - the ring "Coxo Noi" {rPois rC+ rCorr Int-3}
   (You found it in a Gauntlet)

   [ring of resist corrosion]

   Int:       It affects your intelligence (-3).
   rC:        It protects you from cold.
   rPois:     It protects you from poison.
   rCorr:     It protects you from acid and corrosion.
Wands
 e - a wand of light (3)
 y - a wand of flame (46)
 B - a wand of iceblast (12)
 K - a wand of mindburst (20)
 Q - a wand of digging (14)
 S - a wand of charming (9)
 Z - a wand of polymorph (7)
Scrolls
 a - 2 scrolls of vulnerability
 f - a scroll of teleportation
 i - 2 scrolls of noise
 q - 2 scrolls of torment
 r - 7 scrolls of amnesia
 w - 2 scrolls of magic mapping
 G - 4 scrolls of fog
 J - 4 scrolls of immolation
 P - a scroll of fear
 X - a scroll of summoning
Potions
 b - 2 potions of magic
 c - 5 potions of cancellation
 d - a potion of mutation
 g - 6 potions of curing
 j - a potion of brilliance
 k - 3 potions of lignification
 l - 2 potions of berserk rage
 n - 4 potions of attraction
 z - 2 potions of haste
 A - 2 potions of invisibility
 E - 2 potions of flight
 N - 4 potions of might
 R - a potion of resistance
Miscellaneous
 p - a phantom mirror
 s - a box of beasts
 x - a phial of floods


   Skills:
 - Level 10.9 Fighting
 - Level 8.3 Dodging
 + Level 12.6 Stealth
 - Level 5.1 Shields
 - Level 11.1 Spellcasting
 - Level 10.5 Conjurations
 - Level 14.1 Fire Magic
 - Level 6.2 Air Magic
 - Level 9.5 Evocations


You couldn't memorise any spells.
You knew the following spells:

 Your Spells              Type           Power      Damage    Failure   Level
a - Foxfire               Conj/Fire      100%       2x1d9     0%          1
b - Scorch                Fire           100%       2d9       0%          2
c - Flame Wave            Conj/Fire      100%       2d21      1%          4
d - Inner Flame           Hex/Fire       98%        N/A       1%          3
e - Volatile Blastmotes   Fire/Tloc      100%       2d18      1%          3
f - Blink                 Tloc           54%        N/A       1%          2
g - Searing Ray           Conj           100%       2d8       1%          2
h - Starburst             Conj/Fire      61%        6d16      1%          6
i - Stone Arrow           Conj/Erth      100%       3d13      1%          3
j - Fireball              Conj/Fire      61%        3d23      1%          5
k - Plasma Beam           Fire/Air       56%        2x1d78    3%          6

Your spell library contained the following spells:

 Spells                   Type           Power      Damage    Failure   Level
 Magic Dart               Conj           100%       1d8       0%          1
 Shock                    Conj/Air       100%       1d9       1%          1
 Slow                     Hex            100%       N/A       1%          1
 Lesser Beckoning         Tloc           54%        N/A       1%          2
 Momentum Strike          Conj/Tloc      100%       3d10      1%          2
 Dazzling Flash           Conj/Hex       100%       N/A       1%          3
 Swiftness                Air            73%        N/A       1%          3
 Vhi's Electric Charge    Tloc/Air       100%       N/A       1%          3
 Airstrike                Air            36%        2d(6-22)  1%          4
 Fulminant Prism          Conj/Hex       34%        3d15      1%          4
 Iskenderun's Mystic Bla  Conj/Tloc      68%        2d14      1%          4
 Arcjolt                  Conj/Air       41%        1d51      1%          5
 Confusing Touch          Hex            27%        N/A       3%          3
 Portal Projectile        Hex/Tloc       54%        N/A       3%          3
 Summon Guardian Golem    Hex/Summ       27%        N/A       3%          3
 Tukima's Dance           Hex            27%        N/A       3%          3
 Vampiric Draining        Necr           27%        2d7       3%          3
 Animate Armour           Summ/Erth      54%        N/A       12%         4
 Leda's Liquefaction      Hex/Erth       13%        N/A       12%         4
 Orb of Destruction       Conj           46%        9d12      14%         7
 Blade Hands              Tmut           13%        N/A       34%         5
 Lee's Rapid Deconstruct  Erth           13%        3d9*      34%         5
 Spellforged Servitor     Conj/Summ      34%        N/A       77%         7
 Statue Form              Tmut/Erth      18%        N/A       88%         6
 Lehudib's Crystal Spear  Conj/Erth      34%        10d9      100%        8
 Maxwell's Capacitive Co  Air            36%        ∞         100%        8


Dungeon Overview and Level Annotations

Branches:
Dungeon (15/15)            Temple (0/1) D:5            Lair (5/5) D:9
 Shoals (0/4) Lair:3       Spider (2/4) Lair:3        Slime (0/5) Lair:5
    Orc (2/2) D:9             Elf (3/3) Orc:2        Vaults (0/5) D:13
 Depths (0/4) D:15          Sewer (visited)         Volcano (visited)
Gauntlet (visited)

Shops:
D:3 ?   D:14 [*!   Orc:2 [*=(

Annotations:
D:15 3 runed translucent doors, Ruat's ghost, adept DECj
Lair:5 1 runed translucent door
Spider:2 Donald
Elf:2 3 runed translucent doors
Abyss:5 2 transporters


Innate Abilities, Weirdness & Mutations

You have an increased reservoir of magic. (+10% MP)
You shall have no god before yourself.
Your divine heritage dramatically boosts your attributes as you level up.
You are partially covered in iridescent scales. (AC +2)
You possess an exceptional clarity of mind.
You are dopey. (Int -2)
Your muscles are strong. (Str +4, Int/Dex -1)
You have hidden genetic potential.


Message History

The death drake breathes miasma at you.
The foul vapour engulfs the Hell Sentinel.
The Hell Sentinel completely resists.
Casting: Plasma Beam (dangerous; 3% risk of failure)
Confirm with . or Enter, or press ? or * to list all spells.
Casting: Plasma Beam (dangerous; 3% risk of failure)
Press: ? - help, Dir - look around, f - activate You feel a surge of power!
The bolt of lightning hits the Hell Sentinel.
The Hell Sentinel completely resists.
The bolt of lightning hits the death drake!!!
The death drake is heavily wounded.
The fiery plasma hits the Hell Sentinel.
The Hell Sentinel completely resists.
The fiery plasma misses the death drake.
You are engulfed in dark miasma.
You are poisoned.
* * * LOW HITPOINT WARNING * * *
You feel very sick.
You hear a shout! x2
Casting: Plasma Beam (dangerous; 3% risk of failure)
Confirm with . or Enter, or press ? or * to list all spells.
Casting: Plasma Beam (dangerous; 3% risk of failure)
Press: ? - help, Dir - look around, f - activate You feel a surge of power!
The bolt of lightning hits the Hell Sentinel.
The Hell Sentinel completely resists.
The bolt of lightning misses the death drake.
The fiery plasma hits the Hell Sentinel.
The Hell Sentinel completely resists.
The fiery plasma hits the death drake!!!
You kill the death drake!
You radiate an aura of cold.
The Hell Sentinel is unaffected.
You are engulfed in dark miasma.
You are lethally poisoned!
* * * LOW HITPOINT WARNING * * *
x2 You feel extremely sick.
The Hell Sentinel gestures at you.
The sphere of damnation explodes!
The damnation engulfs you!!
You die...

# ##### # # #
.###.#©#. ##.
## ..'.. '#
.'. . #
#....°..#....
#°°k°.# .
#.°3k.## . #
○###○°# . #
###+@1### #
####


#.ppp . .. .p').p.. . . ..p#.....# . . .. ####### .. . . ##### . # # #XA3# #
.... You could see a Hell Sentinel, a daeva, 4 hell knights, a large abomination
and a smoke demon.

Vanquished Creatures
  Mlioglotl (Spider:1)
  An Executioner (Abyss:5)
  A tentacled starspawn (Abyss:5)
  A draconian monk (Abyss:5)
  3 draconian shifters (Abyss:5)
  2 stone giants
  A deep elf demonologist (Elf:1)
  A lorocyproca (Abyss:5)
  3 deep elf annihilators
  A minotaur (Gauntlet)
  A deep elf death mage (Elf:2)
  Snorg (D:10)
  3 ettins (Orc:2)
  A deep elf high priest (Elf:1)
  2 great orbs of eyes (Abyss:5)
  3 ogre magi
  5 hydras
  Erolcha (D:9)
  5 centaur warriors
  5 vault guards (D:13)
  Erica (D:11)
  A radroach (Spider:1)
  3 boulder beetles
  9 dancing weapons
  7 thrashing horrors
  A death yak (Lair:3)
  10 two-headed ogres
  Urug (Lair:4)
  2 tengu warriors (D:15)
  Nergalle (Lair:3)
  3 skeletal warriors (D:12)
  11 deep elf knights
  A sixfirhy (Gauntlet)
  A wretched star (Abyss:5)
  A skyshark (Lair:4)
  A pharaoh ant (Spider:1)
  A death drake (Abyss:5)
  An orc knight (D:15)
  A glowing orange brain (Abyss:4)
  14 deep elf archers
  An orb spider (Spider:1)
  2 wizards
  A lindwurm (Lair:3)
  Pikel (D:7)
  19 deep elf zephyrmancers
  2 steelbarb worms (Spider:1)
  7 ugly things
  23 deep elf pyromancers
  8 wolf spiders
  An oklob plant (Lair:3)
  4 draconians (Abyss:5)
  5 manticores
  6 elephants (Lair:5)
  13 cyclopes
  A black mamba (Lair:1)
  Maurice (D:11)
  4 torpor snails
  Joseph (D:7)
  7 cane toads
  4 demonic crawlers
  3 gargoyles
  A hellion (Abyss:5)
  2 smoke demons
  11 rime drakes
  4 komodo dragons
  2 minotaur zombies (Gauntlet)
  A kobold demonologist (D:11)
  An efreet (D:13)
  A freezing wraith (D:15)
  3 yaktaurs
  An ice devil (Gauntlet)
  2 tengu conjurers (D:14)
  An ancient zyme (Lair:5)
  4 trolls
  2 hornets
  7 tarantellas
  A queen bee (Lair:3)
  9 meliai
  Prince Ribbit (D:5)
  A raiju (Abyss:5)
  4 dream sheep
  16 blink frogs
  3 jumping spiders (Spider:1)
  7 large abominations
  10 slime creatures
  8 culicivoras (Spider:1)
  2 shadows (D:11)
  3 wraiths
  61 yaks
  An air elemental (Elf:3)
  2 ynoxinuls (Lair:5)
  A spriggan (Lair:5)
  9 wyverns
  5 fire elementals
  Grum (D:10)
  4 fire bats (Volcano)
  Eustachio (D:6)
  2 hogs (shapeshifter)
  A water elemental (Abyss:3)
  A chaos spawn (Lair:5)
  8 basilisks
  Menkaure (D:5)
  3 steam dragons
  29 redbacks
  16 vampire mosquitoes
  A neqoxec (Abyss:5)
  13 small abominations
  15 water moccasins
  Duvessa (D:5)
  An ice beast (D:7)
  2 black bears
  18 orc warriors
  A sky beast (shapeshifter) (Elf:2)
  19 ogres
  8 centaurs
  3 boggarts (D:14)
  22 wolves
  A phantom (D:5)
  A lemure (D:7)
  9 kobold brigands
  14 bullfrogs
  8 gnoll sergeants
  4 scorpions
  32 wights
  Dowan (D:5)
  27 killer bees (Lair:3)
  A howler monkey (D:5)
  7 lava snakes
  5 jellies
  3 gnoll boudas
  2 hounds (D:5)
  15 orc priests
  Jessica (D:3)
  2 iguanas (D:5)
  15 orc wizards
  2 sleepcaps
  31 gnolls
  8 adders
  4 river rats
  2 shadow imps
  5 white imps
  3 ufetubi (Gauntlet)
  5 worms
  59 orcs
  5 endoplasms
  4 giant cockroaches
  4 goblins
  8 hobgoblins
  3 jackals (D:4)
  20 kobolds
  2 quokkas
  10 ball pythons
  5 bats
  2 frilled lizards
  11 rats
  2 bushes (Lair:5)
  A fungus (Orc:2)
  2 lurking horrors (Abyss:5)
  A starspawn tentacle (Spider:1)
932 creatures vanquished.

Vanquished Creatures (collateral kills)
  A warg (Orc:2)
  6 foxfires
7 creatures vanquished.

Vanquished Creatures (others)
  A centaur simulacrum (D:13)
  A slime creature (D:13)
  A water elemental (Elf:2)
  A bush (Lair:2)
  A demonic plant (Abyss:3)
  874 foxfires
  45 fungi
  42 plants
  3 starspawn tentacles
969 creatures vanquished.

Grand Total: 1908 creatures vanquished

Notes
Turn   | Place    | Note
-------+----------+-------------------------------------------
     0 | D:1      | manyhoops the Demigod Fire Elementalist began the quest for
                  | the Orb.
     0 | D:1      | Reached XP level 1. HP: 14/14 MP: 5/5
   204 | D:1      | Reached skill level 3 in Fire Magic
   514 | D:1      | Reached skill level 1 in Conjurations
   514 | D:1      | Reached XP level 2. HP: 14/20 MP: 2/7
  1466 | D:2      | Learned a level 2 spell: Scorch
  2197 | D:2      | Reached XP level 3. HP: 26/26 MP: 3/9
  2611 | D:3      | Noticed Jessica
  2613 | D:3      | Killed Jessica
  2790 | D:3      | Found Noosk's Magic Scroll Shoppe.
  2841 | D:3      | Bought a scroll of identify for 24 gold pieces
  2841 | D:3      | Bought a scroll of identify for 24 gold pieces
  2987 | D:3      | Reached XP level 4. HP: 33/33 MP: 9/11
  3498 | D:4      | Noticed an ogre
  3503 | D:4      | Killed an ogre
  3504 | D:4      | Reached XP level 5. HP: 38/38 MP: 5/14
  3506 | D:4      | Reached skill level 4 in Fire Magic
  3986 | D:4      | Reached XP level 6. HP: 35/45 MP: 9/15
  5146 | D:5      | Entered Level 5 of the Dungeon
  5151 | D:5      | Noticed Prince Ribbit
  5164 | D:5      | Killed Prince Ribbit
  5165 | D:5      | Reached skill level 5 in Spellcasting
  5165 | D:5      | Reached XP level 7. HP: 50/50 MP: 8/18
  5517 | D:5      | Reached skill level 5 in Fire Magic
  5535 | D:5      | Noticed Duvessa
  5539 | D:5      | Killed Duvessa
  5619 | D:5      | Noticed Dowan
  5626 | D:5      | Killed Dowan
  5795 | D:5      | Noticed Menkaure
  5799 | D:5      | Killed Menkaure
  5800 | D:5      | Reached XP level 8. HP: 57/57 MP: 14/21
  5865 | D:5      | Reached skill level 6 in Fire Magic
  6430 | D:5      | Found a staircase to the Ecumenical Temple.
  6598 | D:6      | Noticed Eustachio
  6852 | D:6      | Learned a level 4 spell: Flame Wave
  6856 | D:6      | Learned a level 3 spell: Inner Flame
  6860 | D:6      | Learned a level 3 spell: Volatile Blastmotes
  6863 | D:6      | Learned a level 2 spell: Blink
  6978 | D:6      | Reached skill level 7 in Fire Magic
  6980 | D:6      | Found a glowing drain.
  6998 | Sewer    | Entered a sewer
  7883 | Sewer    | Reached XP level 9. HP: 60/62 MP: 19/24
  8225 | D:6      | Killed Eustachio
  8226 | D:6      | Reached skill level 8 in Fire Magic
  9293 | D:7      | Reached skill level 9 in Fire Magic
  9825 | D:7      | Noticed Joseph
  9833 | D:7      | Killed Joseph
 10300 | D:7      | Reached XP level 10. HP: 67/69 MP: 18/27
 10434 | D:7      | Noticed Pikel
 10440 | D:7      | Killed Pikel
 10441 | D:7      | Reached skill level 1 in Fighting
 11733 | D:9      | Noticed Erolcha
 11739 | D:9      | Killed Erolcha
 11740 | D:9      | Reached skill level 5 in Fighting
 12584 | D:9      | Found a staircase to the Lair.
 12742 | D:9      | Found a staircase to the Orcish Mines.
 12746 | D:9      | Reached skill level 5 in Stealth
 12746 | D:9      | Reached XP level 11. HP: 86/92 MP: 22/28
 13296 | D:9      | Noticed a two-headed ogre
 13303 | D:9      | Killed a two-headed ogre
 13420 | Lair:1   | Entered Level 1 of the Lair of Beasts
 13449 | Lair:1   | Reached skill level 1 in Evocations
 13922 | Lair:1   | Reached skill level 5 in Evocations
 15223 | Lair:2   | Noticed a seven-headed hydra
 15244 | Lair:2   | Killed a seven-headed hydra
 16109 | Lair:3   | Reached XP level 12. HP: 89/101 MP: 18/29
 16504 | Lair:3   | Reached skill level 1 in Shields
 16989 | Lair:3   | Reached skill level 5 in Shields
 17637 | Lair:3   | Identified the +7 broad axe of Asof {freeze, *Slow rElec
                  | Str-5 Int+9}
 17686 | Lair:3   | Noticed Nergalle
 17877 | Lair:3   | Killed Nergalle
 18276 | Lair:3   | Reached skill level 5 in Dodging
 18604 | Lair:3   | Found a staircase to the Shoals.
 18645 | Lair:3   | Found a hole to the Spider Nest.
 19151 | Lair:4   | Found the +4 skin of Zhor {*Englaciate rC+++ SInv}
 19454 | Lair:4   | Noticed Urug
 19462 | Lair:4   | Killed Urug
 20082 | Lair:4   | Reached XP level 13. HP: 77/111 MP: 17/30
 20985 | Lair:5   | Entered Level 5 of the Lair of Beasts
 21116 | Lair:5   | Found a runed translucent door.
 21122 | Lair:5   | Noticed an acid blob
 21123 | Lair:5   | Found a staircase to the Slime Pits.
 21418 | Lair:4   | Reached skill level 10 in Fighting
 23825 | Lair:5   | Reached skill level 10 in Stealth
 23884 | Orc:1    | Entered Level 1 of the Orcish Mines
 24424 | Orc:2    | Entered Level 2 of the Orcish Mines
 24446 | Orc:2    | Noticed a stone giant
 24447 | Orc:2    | Found Hacaupt's General Store.
 24464 | Orc:2    | Killed a stone giant
 24708 | Orc:2    | Found Ugraa's Jewellery Emporium.
 24711 | Orc:2    | Reached skill level 5 in Conjurations
 24782 | Orc:2    | Found Suqogu's Antique Armour Emporium.
 25039 | Orc:2    | Found a dark tunnel.
 25044 | Volcano  | Entered a volcano
 25187 | Volcano  | Noticed a stone giant
 25189 | Volcano  | HP: 3/113 [earth elemental (30)]
 25533 | Orc:2    | Found Rioju's Antique Weapon Emporium.
 25869 | Orc:2    | Bought a scorched dagger for 168 gold pieces
 25869 | Orc:2    | Identified the +6 dagger of the Three Xenops {freeze,
                  | Int+2} (You bought it in a shop on level 2 of the Orcish
                  | Mines)
 25869 | Orc:2    | Bought a smoking shortbow for 192 gold pieces
 25869 | Orc:2    | Identified the +7 shortbow "Jeror" {flame, Str+5 Dex+2}
                  | (You bought it in a shop on level 2 of the Orcish Mines)
 26041 | Orc:2    | Found a staircase to the Elven Halls.
 26224 | Orc:2    | Gained mutation: You are vulnerable to heat. (rF-) [potion
                  | of mutation]
 26264 | Orc:1    | Reached XP level 14. HP: 75/122 MP: 10/31
 26669 | Orc:2    | Bought a book of Conjurations for 280 gold pieces
 26669 | Orc:2    | Bought a potion of magic for 112 gold pieces
 26672 | Orc:2    | Learned a level 2 spell: Searing Ray
 26803 | D:10     | Entered Level 10 of the Dungeon
 26803 | D:10     | Noticed Grum
 26810 | D:10     | Killed Grum
 26876 | D:10     | Noticed Snorg
 26883 | D:10     | Killed Snorg
 27876 | D:11     | Noticed Erica
 27884 | D:11     | Killed Erica
 28338 | D:11     | Noticed Maurice
 28350 | D:11     | Killed Maurice
 29595 | D:12     | Learned a level 6 spell: Plasma Beam
 29702 | D:12     | Reached skill level 10 in Fire Magic
 29891 | D:12     | Reached skill level 1 in Air Magic
 30212 | D:12     | Learned a level 5 spell: Fireball
 31770 | D:13     | Reached skill level 5 in Air Magic
 31997 | D:13     | Found a gate to the Vaults.
 32656 | D:14     | Found Xuqemuta's Antique Armour Boutique.
 32657 | D:14     | Found Xeec's Distillery.
 32659 | D:14     | Found Ciaczigh's Assorted Antiques.
 32664 | D:14     | Found Wuqesoto's Assorted Antiques.
 32667 | D:14     | Bought a potion of mutation for 88 gold pieces
 32667 | D:14     | Bought a potion of curing for 33 gold pieces
 32667 | D:14     | Bought 2 potions of heal wounds for 110 gold pieces
 32667 | D:14     | Bought a potion of haste for 110 gold pieces
 32667 | D:14     | Bought a potion of curing for 33 gold pieces
 32667 | D:14     | Lost mutation: You are vulnerable to heat. (rF-) [potion of
                  | mutation]
 32667 | D:14     | Gained mutation: Your muscles are strong. (Str +4, Int/Dex
                  | -1) [potion of mutation]
 32667 | D:14     | Gained mutation: You are partially covered in iridescent
                  | scales. (AC +2) [potion of mutation]
 32667 | D:14     | Gained mutation: You possess an exceptional clarity of
                  | mind. [potion of mutation]
 32677 | D:14     | Bought a blackened ivory wand for 144 gold pieces
 32677 | D:14     | Bought a sharpened glass wand for 144 gold pieces
 33249 | D:15     | Entered Level 15 of the Dungeon
 33260 | D:15     | Reached skill level 10 in Spellcasting
 33270 | D:15     | Found a gate leading to a gauntlet.
 33352 | Gauntlet | Entered a Gauntlet
 33352 | Gauntlet | Found a transporter.
 33374 | Gauntlet | Found a transporter.
 33379 | Gauntlet | Found a runed translucent door.
 33379 | Gauntlet | Found a runed translucent door.
 33384 | Gauntlet | Found a transporter.
 33387 | Gauntlet | Found a transporter.
 33398 | Gauntlet | Found a transporter.
 33413 | Gauntlet | Found a transporter.
 33423 | Gauntlet | Found the ring of Shadows {Umbra +Inv Stlth+}
 33424 | Gauntlet | Found a transporter.
 33437 | Gauntlet | Found a transporter.
 33450 | Gauntlet | Found a transporter.
 33464 | Gauntlet | Found a transporter.
 33464 | Gauntlet | Found a transporter.
 33507 | Gauntlet | Found a transporter.
 33521 | Gauntlet | Found a transporter.
 33535 | Gauntlet | Found a transporter.
 33921 | Gauntlet | Reached XP level 15. HP: 83/128 MP: 21/34
 34004 | Gauntlet | Identified the ring "Coxo Noi" {rPois rC+ rCorr Int-3}
 34019 | Gauntlet | Learned a level 6 spell: Starburst
 34042 | Gauntlet | Identified the +8 battleaxe "Xucoawix" {venom, rElec
                  | Stlth+}
 35293 | D:15     | Found a runed translucent gate.
 35294 | D:15     | Found a runed translucent gate.
 35294 | D:15     | Found a runed translucent gate.
 35295 | D:15     | Noticed an azure jelly
 35296 | D:15     | Noticed an acid blob
 35296 | D:15     | Noticed Ruat's ghost (adept DECj)
 35430 | D:15     | Reached skill level 11 in Fire Magic
 35495 | D:15     | Found a staircase to the Depths.
 36050 | Spider:1 | Entered Level 1 of the Spider Nest
 37086 | Spider:1 | Reached skill level 12 in Fire Magic
 37108 | Spider:1 | Noticed Mlioglotl
 37117 | Spider:1 | Gained mutation: You are dopey. (Int -2) [a cacodemon]
 37586 | Spider:1 | Killed Mlioglotl
 38735 | Spider:2 | Noticed Donald
 38883 | Elf:1    | Entered Level 1 of the Elven Halls
 38913 | Elf:1    | Reached skill level 13 in Fire Magic
 39092 | Elf:1    | Identified the +0 robe of Sorcery {Int+3 SInv}
 40374 | Orc:2    | Bought an amulet of magic regeneration for 390 gold pieces
 40727 | Elf:1    | Reached XP level 16. HP: 136/136 MP: 26/36
 42363 | Elf:2    | Learned a level 3 spell: Stone Arrow
 42401 | Elf:2    | Reached skill level 10 in Conjurations
 42410 | Elf:2    | Reached skill level 14 in Fire Magic
 42598 | Elf:2    | Found a runed translucent gate.
 42598 | Elf:2    | Found a runed translucent gate.
 42609 | Elf:2    | Found a runed translucent gate.
 42649 | Elf:3    | Entered Level 3 of the Elven Halls
 42669 | Elf:3    | Paralysed by an air elemental for 1 turns
 42676 | Abyss:3  | Cast into level 3 of the Abyss (+5 trident of distortion)
 42953 | Abyss:4  | Noticed a bone dragon
 43024 | Abyss:5  | Noticed an ancient lich
 43025 | Abyss:5  | Found a transporter.
 43025 | Abyss:5  | Noticed a tentacled starspawn
 43028 | Abyss:5  | Noticed a tentacled starspawn
 43029 | Abyss:5  | Noticed a tentacled starspawn
 43101 | Abyss:5  | Found a transporter.
 43115 | Abyss:5  | Paralysed by a great orb of eyes for 3 turns
 43129 | Abyss:5  | Noticed a tentacled starspawn
 43131 | Abyss:5  | Killed a tentacled starspawn
 43141 | Abyss:5  | Noticed a tentacled starspawn
 43151 | Abyss:5  | Noticed an Executioner
 43178 | Abyss:5  | Killed an Executioner
 43181 | Abyss:5  | Found a transporter.
 43186 | Abyss:5  | Got an abyssal rune of Zot
 43279 | Abyss:5  | Found a transporter.
 43279 | Abyss:5  | Noticed a Hell Sentinel
 43280 | Abyss:5  | Gained mutation: You have hidden genetic potential. [a
                  | neqoxec]
 43288 | Abyss:5  | HP: 2/136 [poison (dark miasma)]
 43288 | Abyss:5  | Killed from afar by a Hell Sentinel

Illustrated notes

Levels and vault maps discovered:
D:1:      dpeg_arrival_castle, layout_basic, minmay_pentomino_w2
D:2:      layout_loops_ring, shapermc_ecumenical_altar_totnotflames,
          chequers_big_river, grunt_decor_junction
D:3:      layout_basic, gammafunk_temple_overflow_statue, serial_shops, shop,
          serial_park_tiny_pond, uniq_jessica
D:4:      layout_layer_cave, cheibriados_altar_1, grunt_ministairs_5,
          minmay_misc_feat_ornament
D:5:      layout_loops_ring, temple_hall, chequers_jeans, uniq_prince_ribbit1,
          uniq_menkaure, uniq_duvessa
D:6:      layout_layer_cave, portal_sewer_entry_a, minmay_bent, uniq_eustachio
D:7:      layout_loops_cross, lightli_temple_of_fire, uniq_joseph, uniq_pikel
D:8:      layout_cave_pools
D:9:      layout_layer_cave, mainiacjoe_overflow_tiny_flanked, lair_entry_dummy,
          kennysheep_orc_monster_closet_entryway, grunt_ministairs_11,
          uniq_erolcha
D:10:     layout_long_grid, minmay_sticks_and_stones, uniq_grum, uniq_snorg
D:11:     layout_irregular_city, uniq_erica, uniq_maurice
D:12:     layout_rooms, portal_ice_cave_rime
D:13:     layout_rooms, grunt_vaults_entry_fortified, kennysheep_small_spiral
D:14:     layout_roguey, minmay_shop_grid_forest, grunt_decor_arrowhead
D:15:     grunt_enter_depths_snipers, layout_loops_cross, minivault_27,
          gauntlet_entry_generic, gammafunk_ghost_ooze, minmay_misc_feat_chi
Lair:1:   layout_regular_city, grunt_megastairs_3
Lair:2:   layout_cave_pods
Lair:3:   regret_index_tunnel_blossom, layout_gridlike,
          elwin_shoals_entry_rocks, spider_nest_entry_webs, uniq_nergalle
Lair:4:   layout_concentric_octagons, hellmonk_guarded_unrand_zhor, uniq_urug
Lair:5:   hellmonk_lair_end_abyssal_woods, layout_cave_pods, slime_entry_2,
          chequers_serial_rivers_marsh
Spider:1: layout_spider_delve, hellmonk_narrow_tunnel, uniq_mlioglotl
Spider:2: layout_chambers, gammafunk_ghost_arena, uniq_aizul, uniq_donald
Orc:1:    layout_caves, lemuel_statue_altar
Orc:2:    grunt_orc_gardens, layout_caves, grunt_orc_garden, grunt_orc_garden,
          grunt_orc_garden, grunt_orc_garden, nicolae_volcano_entry_s_turn
Elf:1:    eino_elf_arrival_customs, layout_onion_city,
          kennysheep_underground_church
Elf:2:    elven_hall_of_blades_hangedman_original
          [nicolae_blade_entry_pointy_end], layout_geoelf_octagon
Elf:3:    minmay_elf_hall_statues, layout_loops_cross, grunt_ministairs_4,
          dreamdust_princess_bridge
Abyss:5:  base: Elf:3, gammafunk_corrupted_shrine,
          nicolae_abyss_rune_left_handed, hangedman_abyss_shoalhut,
          evilmike_abyss_exit_4, hangedman_abyss_or_decor_lesser_grid,
          bh_abyss_xom_lugonu_altar, hangedman_abyss_river_spirits,
          bh_abyss_negative, gammafunk_abyss_rune_reverse_zot

Skill      XL: |  1  2  3  4  5  6  7  8  9 10 11 12 13 14 15 16 |
---------------+-------------------------------------------------+-----
Spellcasting   | 2 4 5 6 7 8 10 11 | 11.1
Fire Magic     | 3 4 5 7 9 10 13 14 | 14.1
Conjurations   | 1 2 3 5 6 10 | 10.5
Fighting       | 7 8 9 10 | 10.9
Stealth        | 5 6 10 12 | 12.6
Evocations     | 8 9 |  9.5
Shields        | 5 |  5.1
Dodging        | 6 7 8 |  8.3
Air Magic      | 6 |  6.2

Action                     |  1- 3 |  4- 6 |  7- 9 | 10-12 | 13-15 | 16-18 || total
---------------------------+-------+-------+-------+-------+-------+-------++-------
  Melee: Dagger            |    21 |     4 |     2 |     1 |       |       ||    28
         Unarmed           |     4 |       |       |       |       |       ||     4
         Punch             |     1 |       |       |       |       |       ||     1
         Staff             |       |       |       |    16 |       |       ||    16
         Broad axe         |       |       |       |       |   116 |     6 ||   122
   Cast: Foxfire           |   105 |    61 |    88 |   105 |   151 |       ||   510
         Scorch            |     5 |    20 |   147 |   205 |   199 |    14 ||   590
         Flame Wave        |       |       |     6 |    68 |   130 |       ||   204
         Fireball          |       |       |       |       |    99 |    48 ||   147
         Plasma Beam       |       |       |       |       |    65 |    76 ||   141
         Searing Ray       |       |       |       |       |     5 |     3 ||     8
         Starburst         |       |       |       |       |     3 |       ||     3
         Stone Arrow       |       |       |       |       |       |    13 ||    13
         Inner Flame       |       |       |       |       |       |     7 ||     7
  Evoke: Wand              |       |       |       |       |    16 |       ||    16
         Piece from Xom's  |       |       |       |       |     2 |       ||     2
         Box of beasts     |       |       |       |       |     1 |       ||     1
         Phantom mirror    |       |       |       |       |     1 |       ||     1
    Use: Potion            |     2 |     1 |     3 |     2 |     8 |    18 ||    34
         Scroll            |     6 |     2 |     3 |     8 |    17 |     7 ||    43
   Stab: Sleeping          |     1 |     1 |       |       |     2 |       ||     4
 Armour: Robe              |    12 |     3 |    24 |     3 |     2 |       ||    44
         Leather armour    |       |       |     2 |    39 |       |       ||    41
         Animal skin       |       |       |       |       |   129 |    78 ||   207
  Dodge: Dodged            |    33 |    19 |    58 |   116 |   407 |    92 ||   725
  Block: Buckler           |       |       |       |    23 |   125 |    25 ||   173
